 Dungeon Crawl Stone Soup version 0.21-a0-157-gb89e0e2 (webtiles) character file.

1804 Lunath the Basher (level 9, -39/57 HPs)
             Began as a Gargoyle Gladiator on Aug 4, 2017.
             Was a Believer of Trog.
             Annihilated by an enormous slime creature (76 damage)
             ... on level 7 of the Dungeon.
             The game lasted 00:14:01 (5605 turns).

Lunath the Basher (Gargoyle Gladiator)              Turns: 5605, Time: 00:14:03

Health: -39/57     AC: 16    Str: 19    XL:     9   Next: 9%
Magic:  9/9        EV:  8    Int:  9    God:    Trog [**....]
Gold:   407        SH:  0    Dex: 13    Spells: 8/8 levels left

rFire    . . .     SeeInvis .   a - +0 morningstar (curse)
rCold    . . .     Gourm    .   (no shield)
rNeg     + + .     Faith    .   n - +0 chain mail
rPois    ∞         Spirit   .   c - +0 helmet
rElec    +         Reflect  .   (no cloak)
rCorr    .         Harm     .   (no gloves)
MR       .....                  p - +1 pair of boots
Stlth    ..........             (no amulet)
HPRegen  0.19/turn              q - ring of positive energy
MPRegen  0.11/turn              e - ring of flight

@: no status effects
A: negative energy resistance 1, electricity resistance, unbreathing,
petrification resistance, rot immunity, AC +5
a: Berserk, Trog's Hand, Burn Spellbooks, Renounce Religion, Evoke Flight


You were on level 7 of the Dungeon.
You worshipped Trog.
Trog was pleased with you.
You were not hungry.

You visited 1 branch of the dungeon, and saw 7 of its levels.

You collected 407 gold pieces.

Inventory:

Hand Weapons
 a - a cursed +0 morningstar (weapon)
Missiles
 d - 3 throwing nets
 h - 8 poisoned tomahawks (quivered)
Armour
 c - a +0 helmet (worn)
 n - a +0 chain mail (worn)
 p - a +1 pair of boots (worn)
Jewellery
 e - a ring of flight (right hand)
 q - a ring of positive energy (left hand)
Wands
 g - a wand of confusion (8/48)
 r - a wand of iceblast (15/15)
 x - a wand of polymorph (14/24)
 z - a wand of scattershot (5/9)
 F - a wand of digging (18/24)
Scrolls
 j - 4 scrolls of remove curse
 l - 5 scrolls of teleportation
 o - 2 scrolls of fear
 u - 3 scrolls of blinking
 y - a scroll of magic mapping
Potions
 k - 6 potions of curing
 m - 2 potions of flight
 v - 2 potions of haste
 w - a potion of might
 A - a potion of mutation
 B - a potion of magic
 C - a potion of brilliance
 E - a potion of heal wounds {unknown}
Comestibles
 b - 2 chunks of flesh
 f - 5 bread rations
 i - 3 royal jellies
 s - 7 fruits
 D - a meat ration


   Skills:
 + Level 7.4 Fighting
 * Level 9.9 Maces & Flails
 - Level 1.7 Throwing
 - Level 2.4 Dodging


You had 8 spell levels left.
You didn't know any spells.

Dungeon Overview and Level Annotations

Branches:
Dungeon (7/15)             Temple (0/1) D:6

Altars:
Ashenzari
Fedhas
Makhleb
Nemelex Xobeh
Sif Muna
Trog
Vehumet
Xom
Yredelemnul

Shops:
D:4 (


Innate Abilities, Weirdness & Mutations

You are resistant to torment.
Your stone body is resilient. (AC +5)
You are immune to poison.
You resist negative energy. (rN+)
You are resistant to electric shocks. (rElec)
You can survive without breathing.
You are immune to petrification.
You are immune to rotting.


Message History

You hit the slime creature but do no damage.
The slime creature is moderately wounded.
The slime creature hits you but does no damage.
A slime creature comes into view.
The slime creature quivers.
You hit the slime creature.
The slime creature is moderately wounded.
The slime creature completely misses you.
You hit the slime creature but do no damage.
The slime creature is moderately wounded.
The slime creature hits you!
You puncture the slime creature!
The slime creature is moderately wounded.
The slime creature hits you.
You barely miss the slime creature.
The slime creature is moderately wounded.
The slime creature barely misses you.
The enormous slime creature hits you!!!!
Ouch! That really hurt!
You die...

#...............÷...#######
##.#...##..##.###.....÷....
#.######.##.###..##.
#.#.#######
..........#.###..##.###.#.#
#
#.######.........##.......#
# #....####....###.### #
#....# #.##.# #.# # #....#
#.##.###.# ..(...#
#@.......
##........JJ##.####
#.#.#.....J. #
..#.######.## #.# ..> ...
###


You could see an enormous slime creature and 2 slime creatures.

Vanquished Creatures
  A necrophage (D:5)
  A phantom (D:4)
  2 sky beasts (D:5)
  The ghost of p0werm0de the Skirmisher, an amateur DsFi (D:5)
  An ogre (D:5)
  2 centaurs (D:5)
  Blork the orc (D:4)
  A big kobold (D:5)
  A bullfrog (D:6)
  3 wights (D:7)
  4 howler monkeys (D:7)
  5 crimson imps
  A bullfrog skeleton (D:3)
  A hound (D:6)
  A jelly (D:7)
  2 orc priests
  2 orc wizards
  Terence (D:2)
  Ijyb (D:3)
  3 worker ants
  A hound skeleton (D:5)
  Robin (D:2)
  5 adders
  4 worms
  2 dart slugs (D:1)
  5 leopard geckos
  15 orcs
  A ball python (D:2)
  4 giant cockroaches
  20 goblins
  5 hobgoblins
  3 jackals (D:3)
  7 kobolds
  3 quokkas
  9 bats
  A quokka skeleton (D:5)
  3 rats
124 creatures vanquished.

Notes
Turn   | Place    | Note
-------+----------+-------------------------------------------
     0 | D:1      | Lunath the Gargoyle Gladiator began the quest for the Orb.
     0 | D:1      | Reached XP level 1. HP: 12/12 MP: 1/1
   131 | D:1      | Reached XP level 2. HP: 3/18 MP: 2/2
   746 | D:1      | Reached XP level 3. HP: 21/22 MP: 3/3
   944 | D:2      | Found a shimmering altar of Xom.
   944 | D:2      | Noticed Robin
   967 | D:2      | Killed Robin
   967 | D:2      | Reached skill level 4 in Maces & Flails
  1064 | D:2      | Noticed Terence
  1130 | D:2      | Killed Terence
  1130 | D:2      | Reached XP level 4. HP: 19/28 MP: 4/4
  1351 | D:2      | Found a bloodstained altar of Trog.
  1361 | D:2      | Found a radiant altar of Vehumet.
  1364 | D:2      | Found a basalt altar of Yredelemnul.
  1374 | D:2      | Became a worshipper of Trog the Wrathful
  1707 | D:3      | Reached XP level 5. HP: 27/33 MP: 5/5
  1921 | D:3      | Noticed Ijyb
  1923 | D:3      | Reached skill level 5 in Maces & Flails
  1938 | D:3      | Killed Ijyb
  2204 | D:3      | Found a blossoming altar of Fedhas.
  2656 | D:4      | Found a shattered altar of Ashenzari.
  2715 | D:4      | Found Motroug's Antique Weapon Emporium.
  2816 | D:4      | Found a sparkling altar of Nemelex Xobeh.
  2838 | D:4      | Noticed a phantom
  2868 | D:4      | Killed a phantom
  2868 | D:4      | Reached XP level 6. HP: 16/39 MP: 6/6
  3160 | D:4      | Noticed Blork the orc
  3227 | D:4      | Found a deep blue altar of Sif Muna.
  3276 | D:4      | Killed Blork the orc
  3276 | D:4      | Reached skill level 6 in Maces & Flails
  3319 | D:5      | Entered Level 5 of the Dungeon
  3396 | D:5      | Noticed an ice beast
  3420 | D:5      | an ice beast changed into a big kobold
  3658 | D:5      | Reached skill level 5 in Fighting
  3658 | D:5      | Reached XP level 7. HP: 36/44 MP: 7/7
  3688 | D:5      | Reached * piety under Trog
  3852 | D:5      | Found a basalt altar of Yredelemnul.
  3870 | D:5      | Reached skill level 7 in Maces & Flails
  4088 | D:5      | Noticed p0werm0de's ghost (amateur DsFi)
  4104 | D:5      | Killed p0werm0de's ghost
  4147 | D:5      | Reached XP level 8. HP: 30/51 MP: 8/8
  4205 | D:5      | Reached skill level 8 in Maces & Flails
  5076 | D:6      | Reached ** piety under Trog
  5127 | D:6      | Reached skill level 9 in Maces & Flails
  5174 | D:6      | Found a burning altar of Makhleb.
  5174 | D:6      | Noticed an Executioner
  5235 | D:6      | Found a staircase to the Ecumenical Temple.
  5388 | D:7      | Reached XP level 9. HP: 46/57 MP: 9/9
  5605 | D:7      | Annihilated by an enormous slime creature

Vault maps used:
D:1:      ncdulo_halloftheorcs, roderic_roman_lattice, kennysheep_boxes
D:2:      minmay_overflow_temple_star_quad, old_standard_altar, first_bread,
          uniq_robin, uniq_terence
D:3:      kennysheep_goblin_castle, fedhas_altar_fruit_tree, uniq_ijyb
D:4:      tgw_sif, lemuel_round_altar, nemelex_xobeh_ov_fountains_minmay,
          serial_shops, shop
D:5:      basic_altar
D:6:      minmay_temple_entry_fiery, makhleb_altar_promises_db

Skill      XL: |  1  2  3  4  5  6  7  8 |
---------------+-------------------------+-----
Fighting       | 3 4 5 7 |  7.4
Maces & Flails | 4 5 6 7 9 |  9.9
Throwing       | |  1.7
Dodging        | |  2.4

Action                   |  1- 3 |  4- 6 |  7- 9 || total
-------------------------+-------+-------+-------++-------
Melee: Flail             |   135 |   187 |   183 ||   505
       Morningstar       |       |       |    41 ||    41
Invok: Berserk           |       |       |     4 ||     4
       Burn Spellbooks   |       |       |     2 ||     2
Evoke: Wand              |       |     4 |       ||     4
  Use: Scroll            |       |       |    19 ||    19
 Stab: Sleeping          |     1 |       |       ||     1
       Distracted        |     1 |       |       ||     1
  Eat: Chunk             |     1 |     6 |     8 ||    15
       Bread ration      |       |     1 |       ||     1
Armor: Leather armour    |    36 |       |       ||    36
       Chain mail        |    32 |   138 |   114 ||   284
Dodge: Dodged            |    92 |    60 |    69 ||   221
